 Dungeon Sprint DCSS version 0.16-b1 (webtiles) character file.

3257 Medar the Fencer (level 10, 0/83 HPs)
             Began as a Human Berserker on Mar 8, 2015.
             Was a High Priest of Trog.
             Slain by a torpor snail (8 damage)
             ... in the Dungeon (Sprint IX: "|||||||||||||||||||||||||||||").
             The game lasted 00:05:04 (1050 turns).

Medar the Fencer (Human Berserker)                  Turns: 1050, Time: 00:05:04

Health: 0/83       AC: 19    Str: 21    XL:     10   Next: 19%
Magic:  10/10      EV: 10    Int:  7    God:    Trog [*****.]
Gold:   2          SH:  0    Dex: 13    Spells: 0 memorised, 9 levels left

rFire  . . .     SeeInvis .     a - +2 scimitar (flame)
rCold  . . .     Clarity  .     q - +0 plate armour
rNeg   . . .     SustAb   .     (no shield)
rPois  .         Gourm    .     (no helmet)
rElec  .         Spirit   .     (no cloak)
rCorr  .         Warding  .     (no gloves)
rMut   .         NoTele   +     o - +0 pair of boots
MR     .....                    (no amulet)
Stlth  ..........               s - +2 ring of protection
                                r - +2 ring of evasion

@: slowed, very slow, not resistant to hostile enchantments, extremely
unstealthy
A: no striking features
a: Burn Spellbooks, Berserk, Trog's Hand, Brothers in Arms, Renounce Religion


You were in the Dungeon.
You worshipped Trog.
Trog was extremely pleased with you.
You were near starving.

You visited 1 branch You collected 2 gold pieces.

Inventory:

Hand weapons
 a - a +2 scimitar of flaming (weapon)
 e - a +2 dagger of venom
 p - a +0 falchion
Missiles
 c - 3 javelins of returning (quivered)
Armour
 b - a +0 animal skin
 o - a +0 pair of boots (worn)
 q - a +0 plate armour (worn)
Jewellery
 r - a +2 ring of evasion (left hand)
 s - a +2 ring of protection (right hand)
Magical devices
 n - a wand of draining (5)
Scrolls
 i - 2 scrolls of blinking
 m - 5 scrolls of remove curse {@r1}
 v - 4 scrolls of enchant armour
 w - a scroll of fear
Potions
 d - 6 potions of curing {@q1}
 f - a potion of haste
 g - 4 potions of magic
 h - 3 potions of berserk rage {!q}
 j - 2 potions of agility
 k - a potion of invisibility
 l - a potion of heal wounds
 t - a potion of cure mutation {!q}
 u - a potion of brilliance


   Skills:
 + Level 9.2 Fighting
 + Level 15.4 Long Blades
 + Level 13.3 Armour
 - Level 2.0 Dodging


You had 9 spell levels left.
You didn't know any spells.

Dungeon Overview and Level Annotations

Branches:
Dungeon (1/1)

Altars:
Cheibriados
Dithmenos
Elyvilon
Fedhas
Gozag
Kikubaaqudgha
Makhleb
Nemelex Xobeh
Okawaru
Qazlal
Ru
Sif Muna
Trog
Vehumet
Xom
Yredelemnul
Zin
The Shining One
Beogh
Jiyva
Lugonu


Message History

Evoke which item? (* to show all) (? for menu, Esc to quit)
Okay, then.
Drink which item? (? for menu, Esc to quit)
Really quaff
h - 3 potions of berserk rage {!q}?
You're too hungry to go berserk.
Drink which item? (? for menu, Esc to quit)
Okay, then.
You hit the torpor snail. You burn the torpor snail.
The torpor snail is lightly wounded.
The torpor snail bites you but does no damage.
You slash the torpor snail! You burn the torpor snail!
The torpor snail is heavily wounded.
The torpor snail bites you.
* * * LOW HITPOINT WARNING * * *
You hit the torpor snail. You burn the torpor snail.
The torpor snail is heavily wounded.
You slash the torpor snail! You burn the torpor snail.
The torpor snail is severely wounded.
The torpor snail bites you!
You die...

▓▓▓▓▓▓▓▓▓▓▓▓▓▓▓▓▓▓▓▓▓▓▓▓▓▓▓▓▓▓▓▓▓
▓...............@w...............
▓.▓▓▓▓▓▓▓▓▓▓▓▓▓▓▓▓▓▓▓▓▓▓▓▓▓▓▓▓▓▓▓
▓....'..)...).....)'...[.)|?.'___
▓▓▓▓▓▓▓▓▓▓▓▓▓▓▓▓▓▓▓▓▓▓▓▓▓▓▓▓▓▓▓▓▓


You could see a torpor snail.

Vanquished Creatures
  2 hydras (D)
  2 hill giants (D)
  A troll (D)
  A wraith (D)
  A hungry ghost (D)
  A water moccasin (D)
  2 big kobolds (D)
  A giant frog (D)
  A scorpion (D)
  A crimson imp (D)
  An orc wizard (D)
  3 hounds (D)
  3 iguanas (D)
  A river rat (D)
  A giant cockroach (D)
  A hobgoblin (D)
  A kobold (D)
  3 bats (D)
  A giant spore (D)
  A quokka (D)
  A rat (D)
30 creatures vanquished.

Vanquished Creatures (others)
  A ballistomycete (D)
1 creature vanquished.

Grand Total: 31 creatures vanquished

Notes
Turn   | Place    | Note
--------------------------------------------------------------
     0 | D        | Medar, the Human Berserker, began the quest for the Orb.
     0 | D        | Reached XP level 1. HP: 18/18 MP: 1/1
    10 | D        | Acquired Trog's second power
    10 | D        | Reached skill level 4 in Long Blades
    96 | D        | Noticed an iguana
    96 | D        | Noticed an orc wizard
    96 | D        | Noticed a crimson imp
   103 | D        | Killed a crimson imp
   103 | D        | Reached skill level 7 in Long Blades
   103 | D        | Reached XP level 2. HP: 24/24 MP: 2/2
   103 | D        | Reached XP level 3. HP: 28/29 MP: 3/3
   113 | D        | Killed an orc wizard
   113 | D        | Reached skill level 8 in Long Blades
   113 | D        | Reached XP level 4. HP: 25/35 MP: 4/4
   122 | D        | Killed an iguana
   122 | D        | Reached skill level 9 in Long Blades
   235 | D        | Found a glowing silver altar of Zin.
   235 | D        | Found a glowing golden altar of the Shining One.
   235 | D        | Found an ancient bone altar of Kikubaaqudgha.
   235 | D        | Found a basalt altar of Yredelemnul.
   235 | D        | Found a shimmering altar of Xom.
   235 | D        | Found a radiant altar of Vehumet.
   235 | D        | Found an iron altar of Okawaru.
   236 | D        | Found a burning altar of Makhleb.
   237 | D        | Found a deep blue altar of Sif Muna.
   238 | D        | Found a bloodstained altar of Trog.
   239 | D        | Found a sparkling altar of Nemelex Xobeh.
   240 | D        | Found a white marble altar of Elyvilon.
   241 | D        | Found a roughly hewn altar of Beogh.
   242 | D        | Found a viscous altar of Jiyva.
   243 | D        | Found a corrupted altar of Lugonu.
   244 | D        | Found a blossoming altar of Fedhas.
   245 | D        | Found a snail-covered altar of Cheibriados.
   246 | D        | Found a shadowy altar of Dithmenos.
   247 | D        | Found a stormy altar of Qazlal.
   248 | D        | Found an opulent altar of Gozag.
   249 | D        | Found a sacrificial altar of Ru.
   317 | D        | Noticed a giant frog
   317 | D        | Noticed a hound
   317 | D        | Noticed a hungry ghost
   317 | D        | Noticed a hill giant
   317 | D        | Noticed a big kobold
   317 | D        | Noticed a scorpion
   323 | D        | Killed a scorpion
   323 | D        | Acquired Trog's third power
   323 | D        | Reached XP level 5. HP: 41/41 MP: 5/5
   327 | D        | Killed a big kobold
   327 | D        | Reached skill level 10 in Long Blades
   327 | D        | Reached skill level 5 in Armour
   327 | D        | Reached XP level 6. HP: 47/47 MP: 6/6
   334 | D        | Killed a hill giant
   334 | D        | Reached skill level 13 in Long Blades
   334 | D        | Reached XP level 7. HP: 30/52 MP: 7/7
   339 | D        | Killed a giant frog
   339 | D        | Reached skill level 10 in Armour
   339 | D        | Reached XP level 8. HP: 21/58 MP: 8/8
   340 | D        | Killed a hound
   359 | D        | Killed a hungry ghost
   585 | D        | Noticed a big kobold
   585 | D        | Noticed a troll
   585 | D        | Noticed a wraith
   585 | D        | Noticed a five-headed hydra
   585 | D        | Noticed a hill giant
   591 | D        | Killed a hill giant
   591 | D        | Reached skill level 5 in Fighting
   591 | D        | Reached skill level 14 in Long Blades
   591 | D        | Reached XP level 9. HP: 43/68 MP: 9/9
   595 | D        | Killed a two-headed hydra
   601 | D        | Killed a wraith
   605 | D        | Killed a troll
   605 | D        | Received a gift from Trog
   611 | D        | Killed a big kobold
   929 | D        | Noticed a hound
   929 | D        | Noticed an iguana
   929 | D        | Noticed a seven-headed hydra
   929 | D        | Noticed an iguana
   929 | D        | Noticed a water moccasin
   935 | D        | Noticed a hound
   938 | D        | Received a gift from Trog
   941 | D        | Killed a water moccasin
   941 | D        | Reached skill level 15 in Long Blades
   948 | D        | Killed an iguana
   953 | D        | Noticed a torpor snail
   960 | D        | Killed a two-headed hydra
   960 | D        | Reached XP level 10. HP: 34/83 MP: 10/10
   962 | D        | Killed an iguana
   968 | D        | Killed a hound
   970 | D        | Killed a hound
  1024 | D        | HP: 1/83 [torpor snail (15)]
  1050 | D        | Slain by a torpor snail

Action                   |  1- 3 |  4- 6 |  7- 9 | 10-12 || total
-------------------------+-------+-------+-------+-------++-------
Melee: Falchion          |    26 |     7 |       |       ||    33
       Scimitar          |       |    15 |    69 |    15 ||    99
Invok: Berserk           |     2 |     1 |     2 |       ||     5
Evoke: Wand              |       |       |     2 |       ||     2
  Use: Potion            |       |     1 |       |     1 ||     2
  Eat: Chunk             |       |       |     4 |       ||     4
       Bread ration      |       |       |     1 |       ||     1
